[Event "Team 45 45 League T62"]
[Site "Internet Chess Club"]
[Date "2014.09.21"]
[Round "4"]
[White "kingphisch"]
[Black "mongmong"]
[Result "0-1"]
[WhiteElo "1486"]
[BlackElo "1562"]
[Opening "French: Winawer, advance, positional main line"]
[ECO "C19"]
[Time "17:05:13"]
[TimeControl "2700+45"]

1. e4 e6 2. d4 d5 3. Nc3 Bb4 4. e5 Ne7 5. a3 Bxc3+ 6. bxc3 c5 7. Nf3 Qa5 8. Bd2
c4 9. Be2 Bd7 10. O-O Nbc6 11. Qb1 O-O-O 12. Rd1 Rdf8 13. Qb2 f5 14. Rdb1 Qc7
15. Bf4 h6 16. h4 Nd8 17. Qc1 Nf7 18. a4 Qd8 19. a5 a6 20. Qb2 Bc6 21. Ra4 Ng6
22. Rb4 Qe7 23. Rb6 Qc7 24. Qc1 Nxf4 25. Qxf4 Bb5 26. Qg3 Nd8 27. Qg6 Qf7 28.
Qxf7 Rxf7 29. g3 Nc6 30. Kg2 Kc7 31. Nd2 Re7 32. Ra1 Nxa5 33. Rd6 Nc6 34. Nb1
Rd8 35. Rxd8 Nxd8 36. Na3 Bc6 37. Kf3 g6 38. Ke3 Rh7 39. Rh1 Nf7 40. f4 Nd8 41.
Rb1 Be8 42. Rh1 Nc6 43. g4 Na7 44. Rb1 Nb5 45. Nxb5+ Bxb5 46. gxf5 gxf5 47. Kf3
Rg7 48. Kf2 Kc6 49. Bd1 a5 50. Bh5 Ba6 51. Be8+ Kc7 52. Bh5 b6 53. Rb2 Bc8 54.
Kf3 Bd7 55. Rb1 Ba4 56. Rb2 b5 57. Kf2 Kd8 58. Ra2 Ke7 59. Rb2 Rg8 60. Bd1 Rg7
61. Bf3 Kd7 62. Bd1 Kc6 63. Bh5 Rb7 64. Be8+ Kb6 65. Kg3 Rg7+ 66. Kf2 Rg4 67.
Bf7 Rxf4+ 68. Kg3 Rg4+ 69. Kh3 Re4 70. Bxe6 Re3+ 71. Kg2 Rxc3 72. Bxd5 Rxc2+ 73.
Rxc2 Bxc2 74. e6 Kc7 75. e7 Kd7 76. Bc6+ Kxe7 77. Bxb5 c3 78. Kf2 a4 79. Ke2 a3
80. Bc4 Kd6 81. Ba2 Be4 82. Kd1 Bd5 83. Bb1 Bb3+ 84. Kc1 f4 {White resigns} 0-1

[Event "Team 45 45 League T62"]
[Site "Internet Chess Club"]
[Date "2014.09.20"]
[Round "4"]
[White "room-matt"]
[Black "Heian"]
[Result "0-1"]
[WhiteElo "1861"]
[BlackElo "1808"]
[Opening "Bishop's opening: Berlin defense"]
[ECO "C24"]
[Time "14:01:54"]
[TimeControl "2700+45"]

1. e4 e5 2. Bc4 Nf6 3. d3 h6 4. Nf3 Nc6 5. Nc3 Bc5 6. O-O d6 7. Be3 Bb6 8. a3
Bg4 9. Bxb6 axb6 10. h3 Bh5 11. g4 Nxg4 12. hxg4 Bxg4 13. Nb5 Qf6 14. Kg2 Ra5
15. Nxc7+ Kd8 16. Nd5 Rxd5 17. Bxd5 Nd4 18. Nxd4 Bxd1 19. Raxd1 exd4 20. Bxb7
Qf4 21. Rfe1 h5 22. Bd5 Rh6 23. Re2 h4 24. Rh1 h3+ 25. Kf1 g5 26. Re1 Qf3 27.
Rh2 g4 28. e5 Qxd5 29. Re4 Rg6 30. f3 g3 31. Rxh3 g2+ 32. Kg1 dxe5 33. Rh5 Qa2
34. Rhxe5 Qb1+ 35. Re1 Qxc2 36. Rd5+ Kc7 37. Rf5 Qd2 38. Rxf7+ Kd6 39. Rfe7 Qh6
{White resigns} 0-1

[Event "Team 45 45 League T62"]
[Site "Internet Chess Club"]
[Date "2014.09.19"]
[Round "4"]
[White "QuieroAprender"]
[Black "Herbie1"]
[Result "1/2-1/2"]
[WhiteElo "1722"]
[BlackElo "1648"]
[Opening "Caro-Kann: Panov-Botvinnik attack"]
[ECO "B13"]
[Time "16:33:04"]
[TimeControl "2700+45"]

1. e4 c6 2. d4 d5 3. exd5 cxd5 4. c4 Nf6 5. Nc3 Be6 6. cxd5 Nxd5 7. Qa4+ Bd7 8.
Bb5 Nb6 9. Bxd7+ Qxd7 10. Qxd7+ Kxd7 11. Nf3 f6 12. O-O e6 13. Bf4 Bd6 14. Bxd6
Kxd6 15. d5 Na6 16. dxe6 Kxe6 17. Nd4+ Kf7 18. Nf5 Rhd8 19. Rad1 Kg8 20. Rxd8+
Rxd8 21. Rd1 Rxd1+ 22. Nxd1 Nd5 {Game drawn by mutual agreement} 1/2-1/2

[Event "Team 45 45 League T62"]
[Site "Internet Chess Club"]
[Date "2014.09.18"]
[Round "4"]
[White "Two-DogMan"]
[Black "ElMarginal"]
[Result "0-1"]
[WhiteElo "1529"]
[BlackElo "1557"]
[Opening "Scandinavian defense"]
[ECO "B01"]
[Time "19:17:35"]
[TimeControl "2700+45"]

1. e4 d5 2. exd5 Nf6 3. Nf3 Nxd5 4. d4 Bg4 5. Be2 e6 6. O-O Bd6 7. a3 Nf4 8. b4
Nxe2+ 9. Qxe2 O-O 10. Nbd2 Nc6 11. c3 Qf6 12. Ne4 Qg6 13. Nxd6 cxd6 14. Bf4 e5
15. dxe5 dxe5 16. Bg3 e4 17. Nh4 Bxe2 18. Nxg6 hxg6 19. Rfe1 Bd3 20. Rac1 Rfe8
21. Bf4 Rac8 22. Be3 b6 23. g3 Ne5 24. Kg2 Nc4 25. a4 Nxe3+ 26. Rxe3 f5 27. h4
Re7 28. Kh3 Rec7 29. a5 Rxc3 30. Rxc3 Rxc3 31. Kg2 Rc1 32. axb6 axb6 33. f3
exf3+ 34. Rxf3 Be4 {White resigns} 0-1

[Event "Team 45 45 League T62"]
[Site "Internet Chess Club"]
[Date "2014.09.19"]
[Round "4"]
[White "Baron500"]
[Black "julesraider"]
[Result "0-1"]
[WhiteElo "1548"]
[BlackElo "1648"]
[Opening "Caro-Kann: Panov-Botvinnik attack"]
[ECO "B13"]
[Time "19:00:31"]
[TimeControl "2700+45"]

1. e4 c6 2. d4 d5 3. exd5 cxd5 4. c4 Nf6 5. Nc3 Nc6 6. Nf3 Bg4 7. cxd5 Nxd5 8.
Qb3 Bxf3 9. gxf3 Nb6 10. Bb5 e6 11. Be3 Be7 12. Rg1 O-O 13. Bxc6 bxc6 14. O-O-O
Nd5 15. Bh6 Bf6 16. Ne4 Re8 17. f4 g6 18. Qh3 Bg7 19. Ng5 Nxf4 20. Qg4 Bxh6 21.
Qxf4 Qe7 22. Kb1 Rab8 23. h4 f6 24. Qg3 fxg5 25. hxg5 Bg7 26. Rh1 Qb4 27. b3 Rb7
28. Rh4 c5 29. Rdh1 Bxd4 30. Rxh7 Rxh7 31. Rxh7 Qe1+ 32. Kc2 Qe2+ 33. Kc1 Kxh7
{White resigns} 0-1

[Event "Team 45 45 League T62"]
[Site "Internet Chess Club"]
[Date "2014.09.19"]
[Round "4"]
[White "lionking819"]
[Black "zugknightly"]
[Result "1-0"]
[WhiteElo "1805"]
[BlackElo "1802"]
[Opening "Sicilian: Pelikan, Chelyabinsk variation"]
[ECO "B33"]
[Time "20:00:29"]
[TimeControl "2700+45"]

1. e4 c5 2. Nf3 Nc6 3. d4 cxd4 4. Nxd4 Nf6 5. Nc3 e5 6. Ndb5 d6 7. Bg5 a6 8. Na3
b5 9. Nd5 Be7 10. Bxf6 Bxf6 11. c3 O-O 12. Nc2 Bg5 13. a4 bxa4 14. Rxa4 a5 15.
Bc4 Rb8 16. b3 Kh8 17. Nce3 g6 18. h4 Bxh4 19. g3 Bg5 20. f4 exf4 21. gxf4 Bf6
22. Ra2 Bh4+ 23. Kf1 h6 24. Rah2 g5 25. fxg5 Bxg5 26. Rxh6+ Bxh6 27. Qh5 Qg5 28.
Qxg5 {Black resigns} 1-0

[Event "Team 45 45 League T62"]
[Site "Internet Chess Club"]
[Date "2014.09.21"]
[Round "4"]
[White "Portola"]
[Black "rl154"]
[Result "1-0"]
[WhiteElo "1839"]
[BlackElo "1568"]
[Opening "King's Indian: Torre attack"]
[ECO "A48"]
[Time "19:00:28"]
[TimeControl "2700+45"]

1. d4 Nf6 2. Nf3 g6 3. Bg5 Bg7 4. c3 O-O 5. e3 d5 6. Bd3 Bg4 7. Nbd2 c6 8. a4 a6
9. O-O Nbd7 10. e4 dxe4 11. Nxe4 Nxe4 12. Bxe4 Re8 13. Qb3 Qc7 14. Bh4 e5 15.
Bg3 Qa5 16. Ng5 Be6 17. Nxe6 Rxe6 18. Qxb7 Rd8 19. Bxc6 Nb8 20. b4 {Black
resigns} 1-0

[Event "Team 45 45 League T62"]
[Site "Internet Chess Club"]
[Date "2014.09.21"]
[Round "4"]
[White "TacoCrafterHD"]
[Black "MetaGod"]
[Result "1-0"]
[WhiteElo "1448"]
[BlackElo "1581"]
[Opening "Caro-Kann: advance variation"]
[ECO "B12"]
[Time "14:00:16"]
[TimeControl "2700+45"]

1. e4 c6 2. d4 d5 3. e5 Bf5 4. Nf3 e6 5. Be2 Nd7 6. Be3 c5 7. c3 cxd4 8. cxd4
Bb4+ 9. Nbd2 Ne7 10. O-O O-O 11. a3 Ba5 12. Rc1 Rc8 13. Qa4 Bb6 14. b4 a6 15.
Qb3 h6 16. Rc3 Rxc3 17. Qxc3 Qc8 18. Rc1 Qxc3 19. Rxc3 Nb8 20. Nb3 Nbc6 21. Rc1
Be4 22. Nfd2 Bg6 23. Kf1 Nf5 24. Nf3 Bh5 25. Rd1 Rc8 26. h3 Nxe3+ 27. fxe3 Bg6
28. Rc1 Ne7 29. Rxc8+ Nxc8 30. Nc5 Bxc5 31. bxc5 Kf8 32. Ke1 Ke7 33. Kd2 Na7 34.
Kc3 Kd7 35. Kb4 Nc6+ 36. Kc3 a5 37. Bb5 Be4 38. Ne1 f6 39. exf6 gxf6 40. Kb3 e5
41. Ka4 h5 42. h4 Kc7 43. Bxc6 Kxc6 44. Kxa5 Bg6 45. Ka4 Be4 46. Nf3 exd4 47.
exd4 Bd3 48. Nd2 Ba6 49. Kb4 Kd7 50. Ka5 Kc6 51. Nb1 Bd3 52. Nc3 Bc4 53. Nd1 Ba6
54. Ne3 Bd3 55. g4 Be2 56. gxh5 Bxh5 57. Nf5 Bf3 58. Ng3 Bd1 59. h5 Bc2 60. h6
Bg6 61. Nh5 f5 62. Nf6 f4 63. Kb4 f3 64. Ng4 Kc7 65. Kc3 b6 66. a4 Bf5 67. Nf2
Kc6 68. cxb6 Kxb6 69. Kb4 Bg6 70. a5+ Kc6 71. Ng4 Kb7 72. Kc5 Ka6 73. Kxd5 Kxa5
74. Ke6 Kb6 75. d5 Kc7 76. Ke7 Bf5 77. d6+ Kc8 78. h7 {Black resigns} 1-0

[Event "Team 45 45 League T62"]
[Site "Internet Chess Club"]
[Date "2014.09.21"]
[Round "4"]
[White "Tjet"]
[Black "QuieroAprender"]
[Result "1-0"]
[WhiteElo "1625"]
[BlackElo "1694"]
[Opening "English, 1...Nf6 (Anglo-Indian defense)"]
[ECO "A15"]
[Time "21:06:58"]
[TimeControl "2700+45"]

1. c4 Nf6 2. g3 g6 3. Bg2 d6 4. Nf3 e5 5. Nc3 c6 6. O-O Bg7 7. e4 O-O 8. d3 Bg4
9. h3 Be6 10. Kh2 Nh5 11. Be3 f5 12. Bg5 Bf6 13. Bxf6 Qxf6 14. Qd2 f4 15. g4 Ng7
16. Rad1 g5 17. b3 h5 18. gxh5 Nxh5 19. d4 g4 20. Ng1 f3 21. Bh1 g3+ 22. fxg3 f2
23. Nf3 Kh8 24. Qg5 Qf7 25. Qh6+ Kg8 26. Ng5 Qg7 27. Qxg7+ Nxg7 28. Nxe6 Nxe6
29. dxe5 dxe5 30. Rd2 Nd4 31. Rdxf2 Nd7 32. Rxf8+ Nxf8 33. h4 Kg7 34. Rf2 Ng6
35. Bg2 Rh8 36. Bh3 Nxh4 37. gxh4 Rxh4 38. Kg3 Rh5 39. Bg4 Rg5 40. Kh4 Kg6 41.
Rf8 Kg7 42. Kxg5 Kxf8 43. Kf6 b5 44. Kxe5 Nc2 45. cxb5 cxb5 46. Nxb5 Nb4 47.
Nxa7 Nxa2 48. Be6 Ke7 49. Nc6+ Ke8 50. b4 Nc3 51. Bc4 Kd7 52. b5 Kc7 53. Kd4 Na4
54. e5 Nb6 55. e6 Kd6 56. e7 {Black resigns} 1-0

[Event "Team 45 45 League T62"]
[Site "Internet Chess Club"]
[Date "2014.09.22"]
[Round "4"]
[White "houseofcook"]
[Black "SATELLITE-DAN"]
[Result "1-0"]
[WhiteElo "1472"]
[BlackElo "1489"]
[Opening "Scotch gambit: Dubois-Réti defense"]
[ECO "C55"]
[Time "13:00:28"]
[TimeControl "2700+45"]

1. e4 e5 2. Nf3 Nc6 3. d4 exd4 4. Bc4 Nf6 5. e5 d5 6. Bb5 Ne4 7. Nxd4 Bc5 8. Be3
Bxd4 9. Bxd4 O-O 10. O-O Nxd4 11. Qxd4 c6 12. Bd3 f5 13. f3 Ng5 14. f4 Ne6 15.
Qf2 Bd7 16. Nd2 c5 17. c4 d4 18. a4 Rc8 19. a5 b6 20. axb6 axb6 21. Ra7 Rc6 22.
Rfa1 Nc7 23. Be2 Rg6 24. Nf3 Bc6 25. Bf1 Ne6 26. Nh4 Rg4 27. Nf3 Nxf4 28. g3 h5
29. Kh1 h4 30. gxf4 Rxf4 31. Be2 Re8 32. Rg1 Rg4 33. h3 Rxg1+ 34. Qxg1 Re7 35.
Qg5 Rd7 36. Qxd8+ Rxd8 37. Kh2 d3 38. Bd1 d2 39. Nxh4 Be4 40. Ng6 Kh7 41. Nf4
Kh6 42. e6 g5 43. e7 Re8 44. Nd5 Kg6 45. Nc3 Kf7 46. Bh5+ {Black resigns} 1-0

[Event "Team 45 45 League T62"]
[Site "Internet Chess Club"]
[Date "2014.09.21"]
[Round "4"]
[White "chessman64"]
[Black "Gilguli"]
[Result "1/2-1/2"]
[WhiteElo "1406"]
[BlackElo "1356"]
[Opening "Queen's pawn game"]
[ECO "D00"]
[Time "15:01:10"]
[TimeControl "2700+45"]

1. d4 d5 2. g3 Bf5 3. Bg2 Nf6 4. Nf3 Nc6 5. O-O Qd7 6. c3 O-O-O 7. a4 Bh3 8. b4
h6 9. Na3 g5 10. b5 Na5 11. Ne5 Qe6 12. f3 Bxg2 13. Kxg2 g4 14. fxg4 Ne4 15.
Nxf7 Nxc3 16. Qd3 Bg7 17. Nxd8 Kxd8 18. Qxc3 Qxe2+ 19. Rf2 Qxg4 20. Rf4 Qe2+ 21.
Rf2 Qe4+ 22. Qf3 Bxd4 23. Qxe4 dxe4 24. Rd2 e5 25. Bb2 Nb3 26. Rxd4+ exd4 27.
Rd1 Kc8 28. Bxd4 Rd8 29. Nc2 c5 30. bxc6 bxc6 31. Kf2 c5 32. Ke3 cxd4+ 33. Kxe4
d3 34. Na3 d2 35. Nc2 Kc7 36. Ne3 Rd4+ 37. Kf5 Rxa4 38. Nf1 Rd4 39. Ke5 a5 40.
Ne3 Kc6 41. Nf5 Rd5+ 42. Kf4 Rxf5+ 43. Kxf5 a4 44. Ke4 a3 45. Ke3 a2 46. h4 Nc1
47. Kxd2 Nb3+ 48. Kc3 a1=Q+ 49. Rxa1 Nxa1 50. g4 Kd5 51. g5 hxg5 52. hxg5 Ke6
{Game drawn by mutual agreement} 1/2-1/2

[Event "Team 45 45 League T62"]
[Site "Internet Chess Club"]
[Date "2014.09.22"]
[Round "4"]
[White "JohLeb"]
[Black "dabodhi"]
[Result "0-1"]
[WhiteElo "1343"]
[BlackElo "1339"]
[Opening "QGD semi-Slav"]
[ECO "D43"]
[Time "13:00:33"]
[TimeControl "2700+45"]

1. d4 d5 2. c4 c6 3. Nc3 Nf6 4. Nf3 e6 5. Bg5 h6 6. Bh4 dxc4 7. e4 g5 8. Bg3 b5
9. Be2 Bb7 10. Qc2 Nbd7 11. Rd1 Qb6 12. Ne5 c5 13. Nxd7 Nxd7 14. d5 O-O-O 15.
O-O Nf6 16. d6 Bxd6 17. Bxd6 Rxd6 18. e5 Rxd1 19. Rxd1 Nd5 20. Bf3 Rd8 21. Nxd5
Bxd5 22. Bxd5 exd5 23. Qf5+ Qe6 24. Qxe6+ fxe6 25. g3 d4 26. Kf1 d3 27. Ke1 Rd5
28. Kd2 Rxe5 29. Kc3 Re2 30. Rd2 Rxd2 31. Kxd2 Kc7 32. f3 Kd6 33. b3 Kd5 34. Kc3
b4+ 35. Kd2 Kd4 36. bxc4 Kxc4 37. h4 gxh4 38. gxh4 a5 39. f4 a4 {White resigns}
0-1

[Event "Team 45 45 League T62"]
[Site "Internet Chess Club"]
[Date "2014.09.21"]
[Round "4"]
[White "Electryon"]
[Black "Chess4Him"]
[Result "0-1"]
[WhiteElo "1455"]
[BlackElo "1537"]
[Opening "Modern defense"]
[ECO "A40"]
[Time "15:06:24"]
[TimeControl "2700+45"]

1. d4 g6 2. Nf3 Bg7 3. e3 d6 4. c4 Nd7 5. Be2 c5 6. Nc3 Nh6 7. O-O O-O 8. Qc2 b6
9. Rd1 Bb7 10. d5 a6 11. Rb1 Qc7 12. b4 Rae8 13. b5 a5 14. Bb2 e5 15. dxe6 fxe6
16. Ne4 Bxe4 17. Qxe4 Nf6 18. Qd3 Rd8 19. Ng5 Qe7 20. Qc3 Nh5 21. Nxe6 Bxc3 22.
Nxd8 Bxb2 23. Nc6 Qf6 24. Rd2 Qxf2+ 25. Kh1 Bc3 26. Rc2 Be1 {White resigns} 0-1

[Event "Team 45 45 League T62"]
[Site "Internet Chess Club"]
[Date "2014.09.17"]
[Round "4"]
[White "okieman888"]
[Black "ChessMaine"]
[Result "1/2-1/2"]
[WhiteElo "1528"]
[BlackElo "1508"]
[Opening "French: Fort Knox variation"]
[ECO "C10"]
[Time "22:00:50"]
[TimeControl "2700+45"]

1. e4 e6 2. d4 d5 3. Nc3 dxe4 4. Nxe4 Bd7 5. Nf3 Bc6 6. Bd3 Nd7 7. O-O Ngf6 8.
Ng3 Bxf3 9. Qxf3 c6 10. c3 Be7 11. Bf4 O-O 12. Be5 Qa5 13. Rfe1 Rad8 14. Qf4
Nxe5 15. Qxe5 Qxe5 16. Rxe5 Rd5 17. Rae1 Bd6 18. Rxd5 Nxd5 19. Ne4 Be7 20. g3
Rd8 21. Bf1 Nf6 22. Bg2 Rd7 23. Nd2 c5 24. Nb3 cxd4 25. Nxd4 Nd5 26. Nb5 b6 27.
Nd4 Bf6 28. Rd1 h6 29. Nc6 Rc7 30. Nd4 Rd7 31. Nb5 a6 32. Nd4 Ne7 33. Bf3 g5 34.
Nc2 Rxd1+ 35. Bxd1 Nc6 36. Be2 a5 37. Bb5 Ne7 38. Ne3 Nc8 39. Nc4 Bd8 40. Kf1
Na7 41. Ba6 Nc6 42. Ke2 Bc7 43. Ke3 f5 44. f4 Kf7 45. Bb7 Ne7 46. Ne5+ Kf6 47.
Nd7+ Kf7 48. Ne5+ Kf6 49. Nd7+ Kf7 50. Ne5+ {Game drawn by repetition} 1/2-1/2

[Event "Team 45 45 League T62"]
[Site "Internet Chess Club"]
[Date "2014.09.17"]
[Round "4"]
[White "seattleblues"]
[Black "jjaillet2007"]
[Result "1-0"]
[WhiteElo "1439"]
[BlackElo "1259"]
[Opening "Queen's pawn, Mason variation"]
[ECO "D00"]
[Time "21:02:23"]
[TimeControl "2700+45"]

1. d4 d5 2. Bf4 e6 3. Nf3 Nc6 4. e3 Nf6 5. h3 Bd6 6. Ne5 Bd7 7. Nd2 O-O 8. c3
Bxe5 9. dxe5 Ne4 10. Bd3 Nc5 11. Bc2 f6 12. exf6 Rxf6 13. Bg5 e5 14. Nf3 Qf8 15.
Bxf6 Qxf6 16. Qxd5+ Ne6 17. O-O-O Rd8 18. Qe4 Nf8 19. Bb3+ Kh8 20. Rd2 Bf5 21.
Qh4 Rxd2 22. Qxf6 gxf6 23. Nxd2 Na5 24. Rd1 Kg7 25. Bc2 Be6 26. b3 c5 27. Ne4 b6
28. Nd6 h6 29. Be4 Bd7 30. Nf5+ Bxf5 31. Bxf5 Nc6 32. Bd7 Ne7 33. Kb2 Kg6 34.
Ka3 Nf5 35. Bxf5+ Kxf5 36. Rd8 Ne6 37. Ra8 Ke4 38. Rxa7 Kd3 39. Ra6 Kxc3 40.
Rxb6 Nc7 41. Rc6 c4 42. Rxc4+ Kd3 43. Rxc7 {Black resigns} 1-0

[Event "Team 45 45 League T62"]
[Site "Internet Chess Club"]
[Date "2014.09.20"]
[Round "4"]
[White "stantheman59"]
[Black "Conjurer"]
[Result "0-1"]
[WhiteElo "1182"]
[BlackElo "1313"]
[Opening "Queen's bishop game"]
[ECO "D02"]
[Time "19:32:37"]
[TimeControl "2700+45"]

1. d4 Nf6 2. Nf3 d5 3. Bf4 e6 4. a3 Be7 5. e3 O-O 6. Bd3 c5 7. Nc3 cxd4 8. exd4
Nc6 9. O-O a6 10. Qd2 b5 11. Rfe1 Bb7 12. Ne2 Rc8 13. Ng3 Na5 14. b4 Nc4 15.
Bxc4 Rxc4 16. c3 Qb6 17. Be5 Rfc8 18. Rac1 Qc6 19. Re3 Ne4 20. Nxe4 dxe4 21. Ne1
Bg5 22. Bxg7 Bxe3 23. Qxe3 Kxg7 24. Qg5+ Kf8 25. f3 Rxc3 26. Rxc3 Qxc3 27. Kf1
Qxd4 28. Qh6+ Qg7 29. Qxg7+ Kxg7 30. f4 Rc1 31. Ke2 f5 32. Kd2 Ra1 33. Nc2 Rh1
34. Nd4 Bd5 35. h3 Kf6 36. Ne2 e3+ 37. Kxe3 Bxg2 38. Nc3 Rxh3+ 39. Kd2 Be4 40.
a4 Rd3+ 41. Kc2 bxa4 42. Nd1 Rb3+ 43. Kc1 a3 {White resigns} 0-1

[Event "Team 45 45 League T62"]
[Site "Internet Chess Club"]
[Date "2014.09.21"]
[Round "4"]
[White "chesschessboy"]
[Black "CaptK"]
[Result "0-1"]
[WhiteElo "1356"]
[BlackElo "1687"]
[Opening "Sicilian: Grand Prix attack"]
[ECO "B21"]
[Time "19:00:30"]
[TimeControl "2700+45"]

1. e4 c5 2. f4 Nc6 3. Nf3 e6 4. Nc3 Nge7 5. Bc4 g6 6. d3 Bg7 7. O-O O-O 8. Qe1
d5 9. Bb3 Nd4 10. Ne2 Nxb3 11. axb3 Qb6 12. Kh1 Bd7 13. Nc3 Rac8 14. Be3 d4 15.
Na4 Bxa4 16. Bxd4 cxd4 17. Rxa4 Rxc2 18. Rf2 Rxf2 19. Qxf2 Qxb3 20. Ra3 Qd1+ 21.
Ne1 Rc8 22. Kg1 Rc2 23. Qf1 Rc1 24. Kf2 Qd2+ 25. Qe2 Qxe2+ 26. Kxe2 Nc6 27. Kd2
Rc5 28. Nc2 Bf8 29. Rb3 Na5 30. Ra3 Rxc2+ 31. Kxc2 Bxa3 32. bxa3 Kf8 33. a4 Ke7
34. Kb2 Kd7 35. Ka3 Kc6 36. Kb4 Kb6 37. e5 h6 38. g3 h5 39. h3 a6 40. g4 h4 41.
g5 Nc6+ 42. Kc4 a5 43. Kb3 Kc5 44. Ka3 Nb4 45. Kb3 Nxd3 46. Kc2 Nxf4 47. Kd2
Nxh3 {White resigns} 0-1

[Event "Team 45 45 League T62"]
[Site "Internet Chess Club"]
[Date "2014.09.20"]
[Round "4"]
[White "Bizzy-Ketty"]
[Black "fuzzface"]
[Result "1-0"]
[WhiteElo "1524"]
[BlackElo "1352"]
[Opening "Vienna game"]
[ECO "C25"]
[Time "09:00:22"]
[TimeControl "2700+45"]

1. e4 e5 2. Nc3 d6 3. d3 Nf6 4. f4 Bg4 5. Nf3 Nc6 6. Be2 Bxf3 7. Bxf3 Nd4 8. f5
Nxf3+ 9. Qxf3 c6 10. Be3 Be7 11. Qg3 g6 12. O-O d5 13. Qxe5 Qd6 14. Qxd6 Bxd6
15. Bd4 Be7 16. e5 c5 17. Nb5 O-O 18. exf6 cxd4 19. fxe7 Rfc8 20. Rfe1 Kg7 21.
Nd6 Re8 22. Nxe8+ Rxe8 23. Re2 Kf6 24. Rae1 gxf5 25. Kf2 f4 26. Kf3 Kg5 27. g3
f5 28. gxf4+ Kh4 29. Re5 {Black resigns} 1-0

[Event "Team 45 45 League T62"]
[Site "Internet Chess Club"]
[Date "2014.09.21"]
[Round "4"]
[White "Invicta-Knight"]
[Black "SALJOMA"]
[Result "1-0"]
[WhiteElo "1509"]
[BlackElo "1419"]
[Opening "Sicilian: closed"]
[ECO "B23"]
[Time "11:07:32"]
[TimeControl "2700+45"]

1. e4 c5 2. Nc3 d6 3. Bc4 e6 4. f4 a6 5. a3 Nc6 6. Nf3 Be7 7. O-O Nf6 8. d3 O-O
9. Qe1 Qc7 10. Qg3 Na5 11. Ba2 c4 12. Be3 b5 13. e5 Nd5 14. Nxd5 exd5 15. Bd4 g6
16. f5 Bxf5 17. Ng5 Be6 18. Qh4 Bxg5 19. Qxg5 Nc6 20. exd6 Qxd6 21. Bf6 Rfe8 22.
Rf4 Bd7 23. Rh4 Re6 24. Rxh7 Rxf6 25. Qh6 Qc5+ 26. Kh1 Rf1+ 27. Rxf1 Qd4 28.
Rfxf7 Re8 29. Rfg7+ Kf8 30. Rh8# {Black checkmated} 1-0

[Event "Team 45 45 League T62"]
[Site "Internet Chess Club"]
[Date "2014.09.20"]
[Round "4"]
[White "drsigmund1"]
[Black "BrerRabbit"]
[Result "1-0"]
[WhiteElo "1587"]
[BlackElo "1463"]
[Opening "Old Indian: Tartakower (Wade) variation"]
[ECO "A41"]
[Time "19:04:25"]
[TimeControl "2700+45"]

1. d4 d6 2. Nf3 Bg4 3. e4 Nf6 4. Nc3 c6 5. Bg5 Nbd7 6. Be2 e6 7. h3 Bh5 8. g4
Bg6 9. e5 dxe5 10. dxe5 Qb6 11. exf6 Qxb2 12. Bd2 Qxc2 13. Qxc2 Bxc2 14. fxg7
Bxg7 15. Rc1 Bg6 16. O-O O-O 17. h4 h6 18. h5 Bh7 19. g5 Rfc8 20. gxh6 Bf8 21.
Kh1 b5 22. Rg1+ Kh8 23. Ng5 Bg8 24. h7 Bxh7 25. Nxh7 Kxh7 26. Bd3+ Kh8 27. Ne2
a5 28. h6 Nf6 29. Rg2 b4 30. Rcg1 Bd6 31. Bg5 Be7 32. h7 Ra7 33. Bh6 Bf8 34. Bg5
Be7 35. Bxf6+ Bxf6 36. Rg8+ Rxg8 37. hxg8=Q# {Black checkmated} 1-0

[Event "Team 45 45 League T62"]
[Site "Internet Chess Club"]
[Date "2014.09.21"]
[Round "4"]
[White "Danny-ONeil"]
[Black "JOFRAN"]
[Result "0-1"]
[WhiteElo "1233"]
[BlackElo "1393"]
[Opening "Dutch"]
[ECO "A80"]
[Time "20:00:18"]
[TimeControl "2700+45"]

1. d4 f5 2. Nf3 Nf6 3. c4 e6 4. Nc3 d5 5. Bf4 c6 6. e3 Bd6 7. Bxd6 Qxd6 8. Bd3
O-O 9. O-O Nbd7 10. cxd5 cxd5 11. Nb5 Qb6 12. Rc1 Ne4 13. Qb3 a6 14. Qa3 Ndf6
15. Ne5 Bd7 16. Nxd7 Nxd7 17. Nc3 Rac8 18. f3 Nxc3 19. bxc3 Rc7 20. c4 dxc4 21.
Rxc4 Rxc4 22. Bxc4 Rc8 23. Rc1 a5 24. d5 Ne5 25. Be2 Rxc1+ 26. Qxc1 Kf7 27.
dxe6+ Kxe6 28. f4 Nd7 29. Bc4+ Ke7 30. Qd2 Qc5 31. Bd5 Nf6 32. Bxb7 Ng4 33. Bf3
Nxe3 34. Kh1 g6 35. a4 Nc2 36. Qe2+ Qe3 37. Qxe3+ Nxe3 38. g3 Kd6 39. Kg1 Kc5
40. Kf2 Nc4 41. Bd1 Nb2 42. Bb3 Kb4 43. Bg8 Nxa4 44. Bxh7 Nb2 45. Bxg6 a4 46.
Bxf5 a3 47. Be6 Nc4 48. Bxc4 Kxc4 49. h4 a2 50. g4 a1=Q 51. g5 Qg7 52. Kf3 Kd5
53. h5 Ke6 54. Kg4 Kf7 55. h6 Qg6 56. f5 Qc6 57. g6+ Kf6 58. h7 Qe4+ 59. Kg3 Kg7
60. f6+ Kh8 61. f7 Qxg6+ {White resigns} 0-1

[Event "Team 45 45 League T62"]
[Site "Internet Chess Club"]
[Date "2014.09.18"]
[Round "4"]
[White "Andaluz"]
[Black "PsyMar"]
[Result "0-1"]
[WhiteElo "1273"]
[BlackElo "1355"]
[Opening "Scotch: Potter variation"]
[ECO "C45"]
[Time "13:01:10"]
[TimeControl "2700+45"]

1. e4 e5 2. Nf3 Nc6 3. d4 exd4 4. Nxd4 Bc5 5. Nb3 Bb6 6. c3 Qf6 7. Qe2 Nge7 8.
Be3 O-O 9. N1d2 d5 10. Bxb6 axb6 11. Qe3 Bd7 12. Be2 Rfe8 13. O-O Qg6 14. Kh1
dxe4 15. Qxe4 Nf5 16. Qd3 Ne5 17. Qb1 Bc6 18. Bf3 Nxf3 19. Nxf3 Ra4 20. Nbd4 Be4
21. Qd1 Nxd4 22. cxd4 Ra5 23. Kg1 Rd8 24. g3 Qh5 25. Nh4 Qd5 26. Nf3 Bxf3 27.
Qxf3 Qxf3 {White resigns} 0-1

[Event "Team 45 45 League T62"]
[Site "Internet Chess Club"]
[Date "2014.09.19"]
[Round "4"]
[White "seattleblues"]
[Black "Toalla"]
[Result "1/2-1/2"]
[WhiteElo "1433"]
[BlackElo "1315"]
[Opening "Queen's pawn, Mason variation"]
[ECO "D00"]
[Time "17:00:42"]
[TimeControl "2700+45"]

1. d4 d5 2. Bf4 c6 3. e3 Nd7 4. Nf3 Ngf6 5. h3 e6 6. Bd3 Be7 7. Nbd2 Nh5 8. Bh2
O-O 9. Ne5 Nxe5 10. dxe5 g6 11. O-O Ng7 12. f4 f5 13. exf6 Bxf6 14. Rb1 Ne8 15.
Kh1 Bg7 16. e4 Nd6 17. e5 Nf5 18. Bxf5 exf5 19. Nf3 c5 20. Qd2 h6 21. b3 Be6 22.
Rbc1 b5 23. b4 Qb6 24. bxc5 Qxc5 25. Bg1 Qc4 26. Nd4 Rfe8 27. c3 a6 28. Rb1 Rac8
29. Rb4 Qxc3 30. Qxc3 Rxc3 31. Rb3 Rc4 32. Kh2 Kf7 33. Ra3 {Game drawn by mutual
agreement} 1/2-1/2

[Event "Team 45 45 League T62"]
[Site "Internet Chess Club"]
[Date "2014.09.19"]
[Round "4"]
[White "Conjurer"]
[Black "dabodhi"]
[Result "0-1"]
[WhiteElo "1302"]
[BlackElo "1321"]
[Opening "English opening"]
[ECO "A17"]
[Time "14:01:08"]
[TimeControl "2700+45"]

1. c4 Nf6 2. Nc3 e6 3. g3 c6 4. Bg2 d5 5. b3 Bb4 6. Qc2 Na6 7. a3 Be7 8. Nf3 Nc7
9. O-O O-O 10. d4 h6 11. Bf4 Nh5 12. Be5 Nf6 13. c5 b6 14. b4 Ng4 15. a4 Nxe5
16. Nxe5 Bb7 17. Rfe1 Na6 18. Nxc6 Bxc6 19. b5 Nb4 20. Qb3 bxc5 21. bxc6 Nxc6
22. Qb5 Nxd4 23. Qd3 Rb8 24. Nb5 Nxb5 25. axb5 c4 26. Qb1 Qb6 27. Ra2 Bc5 28. e3
Qxb5 29. Qxb5 Rxb5 30. Rea1 Bb6 31. Rc2 Ra5 32. Rac1 Rc8 33. e4 d4 34. Rxc4 Rxc4
35. Rxc4 Ra1+ 36. Bf1 d3 37. Kg2 d2 38. Rc8+ Kh7 39. Be2 d1=Q 40. Bxd1 Rxd1 41.
Kf3 e5 42. Ke2 Rd6 {White resigns} 0-1